 Dungeon Crawl Stone Soup version 0.29.0-4-gdea44cf6ec (webtiles) character file.

Game seed: 13413698734102429358

416 qw the Ruffian (level 6, 1/1 (59) HPs)
             Began as a Troll Cinder Acolyte on Aug 31, 2022.
             Was a High Priest of Ignis.
             Tarried too long and was consumed by Zot
             ... on level 3 of the Dungeon.
             The game lasted 00:04:22 (27000 turns).

qw the Ruffian (Troll Cinder Acolyte)              Turns: 27000, Time: 00:04:23

HP:   1/1 (59)      AC:  4    Str: 31    XL:     6   Next: 60%
MP:   6/6           EV:  9    Int: 10    God:    Ignis [*****.]
Gold: 283           SH:  0    Dex:  5    Spells: 7/7 levels left

rFire   + . .      SeeInvis +     - Unarmed
rCold   . . .      Faith    .   (no shield)
rNeg    . . .      Spirit   .   a - +0 robe
rPois   .          Reflect  .   (helmet restricted)
rElec   .          Harm     .   (no cloak)
rCorr   .          Rampage  .   (gloves unavailable)
Will    .....                   (boots unavailable)
Stlth   +.........              (no amulet)
HPRegen 0.80/turn               b - ring of see invisible
MPRegen 0.10/turn               e - +6 ring of strength

@: extremely drained, bezotted and risking death
A: large, unfitting armour, claws 3, regeneration 1, shaggy fur 1, tough skin 1
a: Renounce Religion, Fiery Armour, Foxfire Swarm, Rising Flame


You were on level 3 of the Dungeon.
You worshipped Ignis.
Ignis was extremely pleased with you.
You visited 1 branch of the dungeon, and saw 4 of its levels.

You collected 283 gold pieces.


Innate Abilities, Weirdness & Mutations

You are too large for most types of armour.
You have claws for hands.
Your natural rate of healing is unusually fast.
You are covered in fur. (AC +1)
You have tough skin. (AC +1)


   Skills:
 - Level 2.4 Fighting
 + Level 7.5 Unarmed Combat
 - Level 1.0 Spellcasting
 - Level 2.1 Fire Magic


You had 7 spell levels left.
You didn't know any spells.
Your spell library contained the following spells:

 Spells                   Type           Power      Damage    Failure   Level
 Scorch                   Fire           8%         2d5       22%         2

Inventory:

Missiles
 l - a boomerang (quivered)
Armour
 a - a +0 robe (worn)
Jewellery
 b - a ring of see invisible (left claw)
 e - a +6 ring of strength (right claw)
Scrolls
 g - a scroll of identify
Potions
 c - a potion of resistance
 h - 2 potions of heal wounds
 j - a potion of haste
 k - a potion of mutation
 m - a potion of curing

Dungeon Overview and Level Annotations

Branches:
Dungeon (4/15) Zot: 0! Temple: D:4-7 You are so drained that the power of Zot will kill you!

Altars:
Hepliaklqana
Trog

Shops:
D:4 :


Message History

You see here a +0 robe.
There is a stone staircase leading down here.
You see here a +0 robe.
You see here a +0 dagger.
You see here a +0 leather armour.
You see here a book of Burglary.
There is a stone staircase leading down here.
There is an open gate here.
Zot draws nearer.
Dive deeper or flee this branch before you perish!
There is an open gate here.
There is an escape hatch in the floor here.
There is a stone staircase leading down here.
There is an escape hatch in the floor here.
There is an open gate here.
There is an open gate here.
There is a stone staircase leading down here.
There is an open gate here.
There is an open gate here.
There is an escape hatch in the floor here.
There is a stone staircase leading down here.
You see here a +0 robe.
You see here a +0 dagger.
You see here a +0 leather armour.
You see here a book of Burglary.
There is a stone staircase leading down here.
You see here a book of Burglary.
You see here a +0 leather armour.
You see here a +0 dagger.
You see here a +0 robe.
There is a stone staircase leading down here.
Zot has nearly found you.
Death is approaching.
Descend or flee this branch!
There is an escape hatch in the floor here.
There is an open gate here.
There is an open gate here.
There is a stone staircase leading down here.
There is an open gate here.
There is an open gate here.
There is an escape hatch in the floor here.
Zot touches you for a single instant, and you cease to be.
You die...

## #. ###.
###############...
#.................
#>#######.#####...
#.# #..# ###. #@#
##.### #.
################.#
#...# ##
.................#
##'''## #
##################
###...).####
...............#
##.........##
##.###########.#
##...........# ##.#
#.#####......#......
.#.#
#...##.....#####....
.#.# #####.....##
##...


There were no monsters in sight!

Vanquished Creatures
  A scorpion (D:4)
  2 hounds (D:4)
  An orc priest (D:4)
  An orc wizard (D:4)
  An iguana (D:4)
  Robin (D:2)
  4 gnolls (D:2)
  7 adders
  2 worms
  2 dart slugs
  4 orcs
  5 ball pythons
  3 bats
  6 endoplasms
  A giant cockroach (D:3)
  16 goblins
  7 hobgoblins
  7 jackals (D:1)
  6 kobolds
  7 quokkas
  4 frilled lizards
  5 rats
93 creatures vanquished.

Notes
Turn   | Place    | Note
-------+----------+-------------------------------------------
     0 | D:1      | qw the Troll Cinder Acolyte began the quest for the Orb.
     0 | D:1      | Reached XP level 1. HP: 22/22 MP: 1/1
     0 | D:1      | 0 ||| qw: Version: 0.1-a-97-g2dd2ca4
     0 | D:1      | 0 ||| qw: Game counter: 4541
     0 | D:1      | 0 ||| qw: Always use a shield: true
     0 | D:1      | 0 ||| qw: God list: Okawaru
     0 | D:1      | 0 ||| qw: Allow faded altars: false
     0 | D:1      | 0 ||| qw: Do Orc after D:15 true
     0 | D:1      | 0 ||| qw: Do second Lair branch before Depths: true
     0 | D:1      | 0 ||| qw: Lair rune preference: random
     0 | D:1      | 0 ||| qw: Plans: Normal
     0 | D:1      | 0 ||| PLANNING D:1-11
     6 | D:1      | Noticed a black mamba
     6 | D:1      | Noticed a wolf
     7 | D:1      | Noticed a snapping turtle
     7 | D:1      | Noticed a swamp worm
   233 | D:1      | Reached XP level 2. HP: 29/29 MP: 2/2
   291 | D:1      | Found a faded altar of an unknown god.
   368 | D:1      | 368 ||| Stepping ~*~*~tactically~*~*~ (stealth).
   369 | D:1      | 369 ||| Stepping ~*~*~tactically~*~*~ (stealth).
   381 | D:1      | 381 ||| Stepping ~*~*~tactically~*~*~ (outnumbered).
   565 | D:1      | 565 ||| UPGRADING to ring of see invisible.
   566 | D:1      | 566 ||| DROPPING ring of wizardry.
   567 | D:1      | 567 ||| UPGRADING to +6 ring of strength.
   568 | D:1      | 568 ||| DROPPING ring of magical power.
   576 | D:2      | 576 ||| STAIRDANCE
   582 | D:1      | Reached skill level 4 in Unarmed Combat
   584 | D:2      | 584 ||| STAIRDANCE
   598 | D:2      | 598 ||| STAIRDANCE
   605 | D:2      | Reached XP level 3. HP: 36/36 MP: 3/3
   684 | D:2      | 684 ||| Stepping ~*~*~tactically~*~*~ (stealth).
   686 | D:2      | 686 ||| INVOKING Fiery Armour.
   703 | D:2      | Reached XP level 4. HP: 41/44 MP: 4/4
   716 | D:2      | Reached skill level 5 in Unarmed Combat
   733 | D:2      | Noticed Robin
   744 | D:2      | Killed Robin
   746 | D:2      | 746 ||| Stepping ~*~*~tactically~*~*~ (outnumbered).
   747 | D:2      | 747 ||| Stepping ~*~*~tactically~*~*~ (outnumbered).
   748 | D:2      | 748 ||| Stepping ~*~*~tactically~*~*~ (outnumbered).
   841 | D:2      | 841 ||| Stepping ~*~*~tactically~*~*~ (outnumbered).
  1055 | D:2      | 1055 ||| Stepping ~*~*~tactically~*~*~ (outnumbered).
  1056 | D:2      | 1056 ||| Stepping ~*~*~tactically~*~*~ (outnumbered).
  1057 | D:2      | 1057 ||| Stepping ~*~*~tactically~*~*~ (outnumbered).
  1058 | D:2      | 1058 ||| Stepping ~*~*~tactically~*~*~ (outnumbered).
  1059 | D:2      | 1059 ||| Stepping ~*~*~tactically~*~*~ (outnumbered).
  1060 | D:2      | 1060 ||| Stepping ~*~*~tactically~*~*~ (outnumbered).
  1061 | D:2      | 1061 ||| Stepping ~*~*~tactically~*~*~ (outnumbered).
  1128 | D:2      | 1128 ||| READING 5 scrolls labelled BYDDYE PYPPUESA.
  1129 | D:2      | 1129 ||| READING scroll labelled VUKIGYR ZANGUM.
  1133 | D:2      | 1133 ||| READING scroll labelled SACEETIONN.
  1134 | D:2      | 1134 ||| READING scroll labelled FENAMNIGH.
  1135 | D:2      | 1135 ||| READING scroll labelled WEPPAG XUORPHAZI.
  1136 | D:2      | 1136 ||| DRINKING 2 fizzy green potions.
  1137 | D:2      | 1137 ||| DRINKING 2 sapphire potions.
  1138 | D:2      | 1138 ||| READING 4 scrolls of identify.
  1138 | D:2      | 1138 ||| IDENTIFYING purple potion
  1139 | D:2      | 1139 ||| READING 3 scrolls of identify.
  1139 | D:2      | 1139 ||| IDENTIFYING ruby potion
  1140 | D:2      | 1140 ||| READING 2 scrolls of identify.
  1140 | D:2      | 1140 ||| IDENTIFYING fizzy yellow potion
  1141 | D:2      | 1141 ||| DROPPING potion of ambrosia.
  1175 | D:3      | 1175 ||| Stepping ~*~*~tactically~*~*~ (stealth).
  1178 | D:3      | 1178 ||| Stepping ~*~*~tactically~*~*~ (stealth).
  1184 | D:3      | 1184 ||| Stepping ~*~*~tactically~*~*~ (outnumbered).
  1359 | D:3      | Identified the +5 spear "Uqafamami" {flame, rC++}
  1499 | D:3      | Reached XP level 5. HP: 50/50 MP: 5/5
  1643 | D:3      | Found a hazy altar of Hepliaklqana.
  1989 | D:3      | 1989 ||| READING scroll labelled TEGYMA MIEHUXT.
  1990 | D:3      | 1990 ||| READING 2 scrolls of identify.
  1990 | D:3      | 1990 ||| IDENTIFYING amethyst potion
  1991 | D:3      | 1991 ||| DROPPING potion of brilliance.
  2047 | D:3      | 2047 ||| Stepping randomly (stuck).
  2072 | D:3      | 2072 ||| Stepping randomly (stuck).
  2183 | D:4      | Reached skill level 6 in Unarmed Combat
  2200 | D:4      | 2200 ||| Stepping ~*~*~tactically~*~*~ (stealth).
  2201 | D:4      | 2201 ||| Stepping ~*~*~tactically~*~*~ (stealth).
  2202 | D:4      | 2202 ||| Stepping ~*~*~tactically~*~*~ (stealth).
  2244 | D:4      | 2244 ||| Stepping ~*~*~tactically~*~*~ (hiding).
  2257 | D:4      | 2257 ||| Stepping ~*~*~tactically~*~*~ (stealth).
  2258 | D:4      | 2258 ||| Stepping ~*~*~tactically~*~*~ (stealth).
  2260 | D:4      | 2260 ||| Stepping ~*~*~tactically~*~*~ (hiding).
  2264 | D:4      | 2264 ||| INVOKING Fiery Armour.
  2270 | D:4      | Reached XP level 6. HP: 47/59 MP: 6/6
  2313 | D:4      | 2313 ||| Stepping ~*~*~tactically~*~*~ (stealth).
  2319 | D:4      | 2319 ||| Stepping ~*~*~tactically~*~*~ (stealth).
  2331 | D:4      | Reached skill level 7 in Unarmed Combat
  2396 | D:4      | Found a bloodstained altar of Trog.
  2430 | D:4      | Found Tuegh's Book Shoppe.
  2452 | D:4      | Identified the +6 spear of the Conjuring Gods {vorpal,
                  | rElec rN+ Str+5}
  2571 | D:4      | Identified the +5 short sword "Lorem Ipsum" {elec, Str+3
                  | Dex+4}
  2697 | D:4      | 2697 ||| READING scroll labelled GODUNAROOD.
  2798 | D:4      | 2798 ||| READING scroll labelled NUSOOG YH JUUGI.
  2799 | D:4      | 2799 ||| READING scroll labelled ZAQERI XUNE.
  2800 | D:4      | 2800 ||| READING 3 scrolls of identify.
  2800 | D:4      | 2800 ||| IDENTIFYING sedimented sapphire potion
  2801 | D:4      | 2801 ||| READING 2 scrolls of identify.
  2801 | D:4      | 2801 ||| IDENTIFYING fizzy ruby potion
  2802 | D:4      | 2802 ||| DROPPING potion of flight.
  2803 | D:4      | 2803 ||| READING scroll of teleportation.
  2810 | D:3      | 2810 ||| Stepping randomly (stuck).
 23000 | D:3      | Glimpsed the power of Zot.
 23500 | D:3      | Glimpsed the power of Zot.
 23900 | D:3      | Glimpsed the power of Zot.
 24000 | D:3      | Touched by the power of Zot.
 24001 | D:3      | Glimpsed the power of Zot.
 24501 | D:3      | Glimpsed the power of Zot.
 24901 | D:3      | Glimpsed the power of Zot.
 25000 | D:3      | Touched by the power of Zot.
 25001 | D:3      | Glimpsed the power of Zot.
 25501 | D:3      | Glimpsed the power of Zot.
 25901 | D:3      | Glimpsed the power of Zot.
 26000 | D:3      | Touched by the power of Zot.
 26001 | D:3      | Glimpsed the power of Zot.
 26501 | D:3      | Glimpsed the power of Zot.
 26901 | D:3      | Glimpsed the power of Zot.
 27000 | D:3      | Tarried too long and was consumed by Zot

Levels and vault maps discovered:
D:1:      onia_arrival_zoo_common, layout_basic,
          shapermc_ecumenical_altar_ellora, kennysheep_boxes
D:2:      layout_rooms, uniq_robin
D:3:      minmay_angry_zag, layout_loops_ring, nicolae_overflow_hidden_temple,
          kennysheep_donut
D:4:      layout_cave_pools, nicolae_overflow_crystal_walls, serial_shops, shop

Skill      XL: |  1  2  3  4  5  6 |
---------------+-------------------+-----
Unarmed Combat | 4 5 6 7 |  7.5
Fighting       | |  2.4
Spellcasting   | |  1.0
Fire Magic     | |  2.1

Action                   |  1- 3 |  4- 6 || total
-------------------------+-------+-------++-------
Melee: Unarmed           |    85 |   138 ||   223
       Punch             |     1 |     1 ||     2
Throw: Boomerang         |       |    55 ||    55
Invok: Fiery Armour      |     1 |     1 ||     2
  Use: Scroll            |       |    16 ||    16
       Potion            |       |     2 ||     2
Armor: Robe              |    36 |    39 ||    75
Dodge: Dodged            |    62 |    40 ||   102

Table legend:
 A = Non-vault XP
 B = Vault XP
 C = Vault XP percentage of total XP
 D = Non-vault monster count
 E = Vault monster count
 F = Vault count percentage of total count
                 A         B        C        D         E       F
            +---------+---------+-------+---------+---------+-------
      Total |     549 |      46 |   7.7 |      76 |      17 |  18.3
            +---------+---------+-------+---------+---------+-------
        D:1 |      39 |       0 |   0.0 |      22 |       0 |   0.0
        D:2 |      80 |      34 |  29.8 |      18 |      12 |  40.0
        D:3 |      49 |      12 |  19.7 |      13 |       5 |  27.8
        D:4 |     381 |       0 |   0.0 |      23 |       0 |   0.0
            +---------+---------+-------+---------+---------+-------
